 Dungeon Crawl Stone Soup version 0.20.1-1-g8b1a95d66d (webtiles) character file.

10661 NullDivider the Summoner (level 11, -8/84 HPs)
             Began as a Merfolk Summoner on Dec 13, 2017.
             Was a Believer of Sif Muna.
             Mangled by a white ugly thing (14 damage)
             ... on level 11 of the Dungeon.
             The game lasted 03:46:55 (19731 turns).

NullDivider the Summoner (Merfolk Summoner)        Turns: 19731, Time: 03:46:55

Health: -8/84      AC: 10    Str:  8    XL:     11   Next: 65%
Magic:  13/21      EV: 18    Int: 17    God:    Sif Muna [**....]
Gold:   571        SH:  0    Dex: 22    Spells: 17/23 levels left

rFire    . . .     SeeInvis +   y - +3 spear
rCold    . . .     Gourm    .   (no shield)
rNeg     + . .     Faith    .   t - +0 troll leather armour
rPois    .         Spirit   .   a - +0 mask of the Dragon {MR+ Slay+3 SInv}
rElec    .         Reflect  .   (no cloak)
rCorr    .         Harm     .   s - +0 pair of gloves {Dex+3}
MR       +....                  S - +0 pair of boots
Stlth    ++++......             (no amulet)
Regen    0.7/turn               I - ring of positive energy
MPRegen  0.2/turn               X - +3 ring of dexterity

@: heavily drained
A: change form in water, swift swim, stealthy swim, beak, icy blue scales 1,
slimy green scales 1, blurry vision 1
a: Divine Energy, Renounce Religion


You were on level 11 of the Dungeon.
You worshipped Sif Muna.
Sif Muna was pleased with you.
You were hungry.

You visited 2 branches of the dungeon, and saw 12 of its levels.
You also visited: Sewer and Ossuary.

You collected 697 gold pieces.
You spent 126 gold pieces at shops.

Inventory:

Hand Weapons
 y - a +3 spear (weapon)
Armour
 a - the +0 mask of the Dragon (worn) {MR+ Slay+3 SInv}
   (You found it on level 9 of the Dungeon)

   It affects your accuracy and damage with ranged weapons and melee attacks
   (+3).
   It affects your resistance to hostile enchantments.
   It lets you see invisible.
 s - a +0 pair of gloves of dexterity (worn)
 t - a +0 troll leather armour (worn)
 x - a +1 ring mail of poison resistance
 S - a +0 pair of boots (worn)
Jewellery
 o - an uncursed ring of protection from fire
 I - a ring of positive energy (left hand)
 T - a +2 ring of intelligence
 X - a +3 ring of dexterity (right hand)
Wands
 m - a wand of confusion (13/48)
 O - a wand of lightning (0/15)
 Q - a wand of disintegration (7/24)
Scrolls
 d - 7 scrolls of remove curse
 g - 6 scrolls of teleportation
 n - 3 scrolls of blinking
 p - a scroll of holy word {unknown}
 r - 2 scrolls of magic mapping
 u - a scroll of immolation {unknown}
 w - 2 scrolls of enchant armour
 A - a scroll of fear
 B - a scroll of summoning {unknown}
 E - a scroll of noise {unknown}
 F - 2 scrolls of fog {unknown}
 U - a scroll of random uselessness {unknown}
Potions
 e - 4 potions of might
 h - 8 potions of magic
 i - 3 potions of haste
 j - a potion of flight {unknown}
 l - 3 potions of curing
 q - 2 potions of mutation {unknown}
 z - 3 potions of heal wounds
 C - 2 potions of resistance {unknown}
 D - 3 potions of lignification {unknown}
 G - 2 potions of degeneration {unknown}
 H - 2 potions of cancellation {unknown}
 P - 2 potions of ambrosia {unknown}
 Y - 4 potions of brilliance
Books
 k - a book of Changes

   Spells                             Type                      Level
   a - Beastly Appendage              Transmutation                1
   b - Sticks to Snakes               Transmutation                2
   c - Spider Form                    Transmutation/Poison         3
   d - Ice Form                       Ice/Transmutation            4
   e - Blade Hands                    Transmutation                5
 v - a book of the Earth

   Spells                             Type                      Level
   a - Leda's Liquefaction            Hexes/Earth                  4
   b - Bolt of Magma                  Conjuration/Fire/Earth       5
   c - Statue Form                    Transmutation/Earth          6
   d - Iron Shot                      Conjuration/Earth            6
   e - Shatter                        Earth                        9
 L - a book of Battle

   Spells                             Type                      Level
   a - Infusion                       Charms                       1
   b - Shroud of Golubria             Charms/Translocation         2
   c - Song of Slaying                Charms                       2
   d - Spectral Weapon                Hexes/Charms                 3
   e - Regeneration                   Charms/Necromancy            3
 N - a book of Necromancy

   Spells                             Type                      Level
   a - Pain                           Necromancy                   1
   b - Animate Skeleton               Necromancy                   1
   c - Vampiric Draining              Necromancy                   3
   d - Regeneration                   Charms/Necromancy            3
   e - Animate Dead                   Necromancy                   4
   f - Control Undead                 Necromancy                   4
Comestibles
 b - 5 chunks of flesh
 c - a royal jelly


   Skills:
 + Level 7.3(5.7) Fighting
 + Level 9.7(8.0) Polearms
 + Level 9.1(7.5) Dodging
 + Level 8.5(6.9) Stealth
 + Level 6.8(5.2) Spellcasting
 * Level 10.4(8.7) Summonings


You had 17 spell levels left.
You knew the following spells:

 Your Spells              Type           Power        Failure   Level  Hunger
a - Summon Small Mammal   Summ           ####         1%          1    None
b - Call Imp              Summ           ####....     1%          2    #......
c - Summon Guardian Gole  Hex/Summ       ###.....     10%         3    ###....


Dungeon Overview and Level Annotations

Branches:
Dungeon (11/15)            Temple (1/1) D:4             Orc (0/2) D:10
   Lair: D:8-11

Altars:
Ashenzari
Cheibriados
Dithmenos
Elyvilon
Fedhas
Gozag
Hepliaklqana
Kikubaaqudgha
Makhleb
Nemelex Xobeh
Okawaru
Qazlal
Ru
Sif Muna
Trog
Uskayaw
Vehumet
Xom
Yredelemnul
Zin
The Shining One
Beogh

Shops:
D:4 [   D:7 *


Innate Abilities, Weirdness & Mutations

You revert to your normal form in water.
You are very nimble and swift while swimming.
You are very stealthy in the water. (Stealth+)
You have a beak for a mouth.
You are partially covered in icy blue scales. (AC +2)
You are partially covered in slimy green scales. (AC +2)
Scrolls take you a little longer to read.


Message History

You swap places.
The white ugly thing engulfs you. The white ugly thing freezes you!!
You see here a yak skeleton.
There is an open door here.
You open the door.
The white ugly thing completely misses you.
The white ugly thing engulfs you! The white ugly thing freezes you!!
* * * LOW HITPOINT WARNING * * *
There is an open door, spattered with blood here.
Evoke which item? (* to show all) (? for menu, Esc to quit)
Aiming: Confuse (will waste charges)
Press: ? - help, Shift-Dir - straight line, f/p - white ugly thing
Aim: a white ugly thing (lightly wounded, chance to defeat MR: 28%)
Okay, then.
Really read with blurry vision while enemies are nearby?
You begin reading the scroll.
You continue reading the scroll.
The white ugly thing engulfs you.
* * * LOW HITPOINT WARNING * * *
The white ugly thing freezes you!
You die...

######....#
######..#....#
#.......#....#
#.......#....#
#.......#....#
#.......#....#
#.......8....#
#...###u#....#
#...#..@รท#####
#...#....#
#####....#
#...<# #....#
##...# #...#
#...# ....#


You could see a white ugly thing and a friendly guardian golem.

Vanquished Creatures
  A two-headed ogre (D:6)
  Erica (D:10)
  An unseen horror (D:9)
  A troll (D:8)
  Prince Ribbit (D:8)
  2 hippogriffs
  2 wraiths (D:10)
  A wyvern (D:9)
  3 yaks
  A hungry ghost (D:8)
  A water moccasin (D:10)
  Duvessa (D:4)
  An orc warrior (D:10)
  2 sky beasts
  2 ice beasts
  A black bear (D:9)
  2 ogres (D:9)
  A necrophage (D:10)
  A centaur (D:9)
  2 wights (D:6)
  6 killer bees
  A howler monkey (D:7)
  3 crimson imps
  A hound (D:9)
  A centaur zombie (D:8)
  5 orc priests
  2 bullfrog zombies
  A jelly (D:10)
  An orc wizard (D:7)
  2 bullfrog skeletons
  A centaur skeleton (D:4)
  Natasha (D:4)
  2 worker ants
  A killer bee zombie (D:8)
  A worker ant zombie (D:9)
  A gnoll (D:4)
  5 adders
  A shadow imp (D:9)
  An adder skeleton (D:8)
  An adder zombie (D:9)
  2 worms
  A dart slug (D:5)
  4 leopard geckos
  37 orcs
  5 ball pythons
  A giant cockroach (D:2)
  A gnoll zombie (Ossuary)
  3 goblins
  2 hobgoblins
  8 jackals
  2 quokkas
  4 bats
  6 frilled lizards (Sewer)
  3 gnoll skeletons (Ossuary)
  A goblin skeleton (Ossuary)
  A hobgoblin zombie (Ossuary)
  5 kobolds
  A leopard gecko zombie (D:6)
  A quokka skeleton (D:4)
  5 rats
  A plant (D:6)
160 creatures vanquished.

Vanquished Creatures (collateral kills)
  Josephine (D:10)
  A hydra (D:9)
  A two-headed ogre (D:9)
  The ghost of Necrophagist the Thaumaturge, a journeyman DECj of Vehumet (D:10)
  Pikel (D:6)
  A cyclops (D:9)
  A gargoyle (D:9)
  Grinder (D:4)
  A hippogriff (D:8)
  2 wraiths (D:10)
  Eustachio (D:6)
  A yak (D:11)
  A hungry ghost (D:9)
  2 water moccasins
  A sky beast (D:6)
  A black bear (D:6)
  An eye of draining (shapeshifter) (D:8)
  4 orc warriors
  5 ogres
  A centaur (D:6)
  A crocodile (D:9)
  A bullfrog (D:7)
  Dowan (D:4)
  6 killer bees
  2 wights (D:6)
  2 howler monkeys (D:9)
  2 crimson imps
  2 jellies
  3 hounds
  A centaur skeleton (D:4)
  5 orc priests
  2 bullfrog skeletons
  3 orc wizards
  Natasha (twice) (D:4)
  5 worker ants
  2 mummies (Ossuary)
  3 gnolls (D:4)
  8 adders
  2 oozes (D:3)
  4 worms (D:2)
  2 leopard geckos
  18 orcs
  A giant cockroach (D:1)
  2 gnoll zombies (Ossuary)
  2 goblins
  3 hobgoblins
  7 jackals
  A kobold (D:2)
  A quokka (D:2)
  A ball python (Sewer)
  3 bats (D:1)
  2 frilled lizards
  2 goblin skeletons (Ossuary)
  2 goblin zombies (Ossuary)
  A kobold skeleton (Ossuary)
  4 rats
  2 rat zombies (Ossuary)
140 creatures vanquished.

Vanquished Creatures (others)
  3 two-headed ogres
  A cyclops (D:9)
  A gargoyle (D:9)
  2 trolls (D:9)
  A wraith (D:10)
  A yak (D:11)
  Menkaure (Ossuary)
  2 slaves
  An orc warrior (D:10)
  2 crimson imps (D:6)
  A hound zombie (D:9)
  A mummy (Ossuary)
  An adder skeleton (D:6)
  A worm (D:6)
  A gnoll skeleton (Ossuary)
  A gnoll zombie (Ossuary)
  4 goblin skeletons (Ossuary)
  A goblin zombie (Ossuary)
  4 hobgoblin skeletons (Ossuary)
  4 hobgoblin zombies (Ossuary)
  5 kobold skeletons (Ossuary)
  5 kobold zombies (Ossuary)
  2 orc skeletons (Ossuary)
  4 orc zombies (Ossuary)
  2 rat skeletons (Ossuary)
  2 rat zombies (Ossuary)
  2 plants
56 creatures vanquished.

Grand Total: 356 creatures vanquished

Notes
Turn   | Place    | Note
-------+----------+-------------------------------------------
     0 | D:1      | NullDivider the Merfolk Summoner began the quest for the Orb.
     0 | D:1      | Reached XP level 1. HP: 13/13 MP: 3/3
   525 | D:1      | Reached XP level 2. HP: 18/20 MP: 1/5
  1465 | D:2      | Reached XP level 3. HP: 22/25 MP: 0/6
  1720 | D:2      | Reached skill level 1 in Polearms
  2105 | D:2      | Learned a level 2 spell: Call Imp
  2177 | D:3      | Found a glowing drain.
  2187 | D:3      | Reached XP level 4. HP: 31/31 MP: 7/7
  2195 | Sewer    | Entered a sewer
  2692 | D:3      | Reached skill level 1 in Fighting
  2715 | D:3      | Reached skill level 5 in Summonings
  2987 | D:3      | Reached XP level 5. HP: 37/37 MP: 3/8
  4096 | D:4      | Reached XP level 6. HP: 37/44 MP: 8/10
  4222 | D:4      | Found a sand-covered staircase.
  4228 | Ossuary  | Entered an ossuary
  4359 | Ossuary  | Killed Menkaure
  4927 | D:4      | Noticed Duvessa
  4937 | D:4      | Noticed Dowan
  4983 | D:4      | Killed Dowan
  5035 | D:5      | Entered Level 5 of the Dungeon
  5362 | D:5      | Reached XP level 7. HP: 48/51 MP: 8/11
  5523 | D:4      | Noticed Natasha
  5686 | D:4      | Found Luempise's Armour Boutique.
  5686 | D:4      | Killed Natasha
  5692 | D:4      | Noticed Grinder
  5792 | D:4      | Killed Duvessa
  5792 | D:4      | Reached skill level 6 in Summonings
  6113 | D:4      | Paralysed by Grinder for 5 turns
  7257 | D:4      | Noticed Natasha
  7268 | D:4      | Killed Natasha
  7279 | D:4      | Paralysed by Grinder for 4 turns
  7297 | D:4      | Noticed Natasha
  7297 | D:4      | Killed Grinder
  7297 | D:4      | Reached XP level 8. HP: 37/58 MP: 2/13
  7306 | D:4      | Killed Natasha
  7442 | D:4      | Found a staircase to the Ecumenical Temple.
  7452 | Temple   | Entered the Ecumenical Temple
  7979 | Temple   | Became a worshipper of Sif Muna the Loreminder
  8252 | D:6      | Noticed Pikel
  8298 | D:6      | Killed Pikel
  8298 | D:6      | Reached skill level 5 in Polearms
  8298 | D:6      | Reached skill level 5 in Dodging
  8388 | D:6      | Noticed Eustachio
  8428 | D:6      | Killed Eustachio
  8428 | D:6      | Reached skill level 7 in Summonings
  9849 | D:7      | Found Wesmiall's General Store.
 10148 | D:7      | Reached XP level 9. HP: 66/66 MP: 12/15
 10811 | D:8      | Reached skill level 5 in Stealth
 10826 | D:8      | Noticed Prince Ribbit
 10864 | D:8      | Noticed a two-headed ogre
 11367 | D:6      | Killed a two-headed ogre
 11367 | D:6      | Reached * piety under Sif Muna
 11367 | D:6      | Reached skill level 8 in Summonings
 11927 | D:8      | Reached skill level 5 in Fighting
 12171 | D:8      | Gained mutation: You are resistant to hostile enchantments. (MR+) [mutagenic meat]
 12172 | D:8      | Gained mutation: You are partially covered in slimy green scales. (AC +2) [mutagenic meat]
 12173 | D:8      | Gained mutation: You are frail. (-10% HP) [mutagenic meat]
 12174 | D:8      | Lost mutation: You are frail. (-10% HP) [mutagenic meat]
 12427 | D:6      | Learned a level 3 spell: Summon Guardian Golem
 12832 | D:4      | Bought a +0 pair of gloves of dexterity for 126 gold pieces
 12989 | D:8      | Reached skill level 5 in Spellcasting
 13190 | D:8      | Killed Prince Ribbit
 13535 | D:8      | Reached XP level 10. HP: 74/74 MP: 17/17
 13539 | D:8      | Gained mutation: Scrolls take you a little longer to read. [mutagenic meat]
 13540 | D:8      | Lost mutation: You are resistant to hostile enchantments. (MR+) [mutagenic meat]
 13541 | D:8      | Gained mutation: You are partially covered in icy blue scales. (AC +2) [mutagenic meat]
 13542 | D:8      | Gained mutation: You have a beak for a mouth. [mutagenic meat]
 13596 | D:8      | Got a dazzling quarterstaff {drain}
 13738 | D:9      | Noticed a six-headed hydra
 13738 | D:9      | Noticed a cyclops
 13741 | D:9      | Noticed a cyclops
 13746 | D:9      | Noticed a two-headed ogre
 13747 | D:9      | Noticed a gargoyle
 14625 | D:9      | Killed a cyclops
 14625 | D:9      | Reached skill level 9 in Summonings
 14994 | D:9      | Killed a cyclops
 15002 | D:9      | Killed a six-headed hydra
 15406 | D:9      | Noticed a two-headed ogre
 15424 | D:9      | Killed a two-headed ogre
 15450 | D:9      | Killed a gargoyle
 15529 | D:9      | Reached ** piety under Sif Muna
 15532 | D:9      | Noticed a gargoyle
 15906 | D:9      | Killed a gargoyle
 15919 | D:9      | Noticed an unseen horror
 15943 | D:9      | Killed a two-headed ogre
 16095 | D:9      | Killed an unseen horror
 16858 | D:9      | Reached XP level 11. HP: 82/83 MP: 13/20
 17030 | D:10     | Entered Level 10 of the Dungeon
 17091 | D:10     | Noticed Erica
 17258 | D:10     | Noticed Necrophagist's ghost (journeyman DECj)
 17542 | D:10     | Killed Erica
 17542 | D:10     | Reached skill level 10 in Summonings
 17721 | D:10     | Noticed a two-headed ogre
 17738 | D:10     | Killed a two-headed ogre
 17842 | D:10     | Killed Necrophagist's ghost
 18078 | D:10     | Noticed Josephine
 18162 | D:10     | HP: 1/83 [Josephine/ghostly fireball (13)]
 18187 | D:10     | Killed Josephine
 18538 | D:10     | Noticed a two-headed ogre
 18557 | D:10     | Killed a two-headed ogre
 19044 | D:10     | Found a roughly hewn altar of Beogh.
 19044 | D:10     | Found a staircase to the Orcish Mines.
 19673 | D:11     | Noticed a white ugly thing
 19731 | D:11     | Mangled by a white ugly thing

Skill      XL: |  1  2  3  4  5  6  7  8  9 10 11 |
---------------+----------------------------------+-----
Polearms       | 1 3 4 5 7 8 9 |  9.7
Dodging        | 3 4 6 7 8 9 |  9.1
Fighting       | 1 2 3 4 5 6 7 |  7.3
Summonings     | 5 6 7 8 9 10 | 10.4
Spellcasting   | 3 4 5 6 |  6.8
Stealth        | 3 4 6 7 8 |  8.5

Action                   |  1- 3 |  4- 6 |  7- 9 | 10-12 || total
-------------------------+-------+-------+-------+-------++-------
Melee: Unarmed           |    33 |       |       |       ||    33
       Spear             |    54 |   208 |   692 |   719 ||  1673
       Tailslap          |       |     2 |     7 |       ||     9
       Peck              |       |       |       |    35 ||    35
 Cast: Summon Small Mamm |    56 |     2 |     4 |     1 ||    63
       Call Imp          |       |    51 |   156 |    61 ||   268
       Summon Guardian G |       |       |     9 |   113 ||   122
Evoke: Wand              |       |       |     7 |    15 ||    22
  Use: Scroll            |       |     1 |    11 |     9 ||    21
       Potion            |       |       |     2 |     4 ||     6
 Stab: Sleeping          |     9 |     7 |     2 |     2 ||    20
       Distracted        |       |     5 |    14 |     7 ||    26
       Confused          |       |       |       |    12 ||    12
  Eat: Chunk             |     5 |    10 |    20 |    28 ||    63
       Fruit             |       |     3 |     7 |     5 ||    15
       Royal jelly       |       |       |     3 |       ||     3
       Bread ration      |       |       |     1 |       ||     1
Armor: Robe              |     7 |    15 |    22 |       ||    44
       Leather armour    |       |       |    27 |    17 ||    44
       Troll leather arm |       |       |       |    42 ||    42
Dodge: Dodged            |    49 |    81 |   247 |   308 ||   685
